 Dungeon Crawl Stone Soup version 0.31-a0-1499-ge0622b2318 (webtiles) character file.

Game seed: 5488906382501506779

6 mungbean the Cudgeller (level 1, 0/23 HPs)
             Began as an Oni Gladiator on Dec 29, 2023.
             Slain by a goblin
             ... wielding a +0 club
              (4 damage)
             ... on level 1 of the Dungeon.
             The game lasted 00:00:34 (75 turns).

mungbean the Cudgeller (Oni Gladiator)                Turns: 75, Time: 00:00:35

Health: 0/23       AC:  3    Str: 17    XL:     1   Next: 90%
Magic:  1/1        EV: 10    Int:  9    God:
Gold:   0          SH:  0    Dex: 10    Spells: 0/0 levels left

rFire   . . .        a - +0 flail
rCold   . . .        (no shield)
rNeg    . . .        b - +0 robe
rPois   .            c - +0 hat
rElec   .            (no cloak)
rCorr   .            (gloves unavailable)
SInv    .            (boots unavailable)
Will    .....        (no amulet)
Stlth   +            (no ring)
HPRegen 0.23/turn    (no ring)
MPRegen 0.07/turn

%: no passive effects
@: no status effects
A: large, unfitting armour, horns 1, tough skin 1, double potion healing,
drunken brawling
a: no special abilities


You were on level 1 of the Dungeon.
You visited 1 branch of the dungeon, and saw 1 of its levels.

Inventory:

Hand Weapons
 a - a +0 flail (weapon)
Missiles
 d - 3 throwing nets (quivered)
 e - a large rock
Armour
 b - a +0 robe (worn)
 c - a +0 hat (worn)


   Skills:
 + Level 3.0 Fighting
 * Level 3.3 Maces & Flails
 - Level 2.0 Throwing
 - Level 2.6 Dodging


You couldn't memorise any spells.
You didn't know any spells.
Your spell library was empty.

Dungeon Overview and Level Annotations

Branches:
Dungeon (1/15)

Altars:


Innate Abilities, Weirdness & Mutations

You are too large for most types of armour.
You have a pair of small horns on your head.
You have tough skin. (AC +1)
You gain doubled healing and magic from potions.
Whenever you drink a healing potion, you attack all around you.


Message History

You are too injured to fight recklessly!
The giant cockroach attacks as it pursues you!
The giant cockroach barely misses you. The jackal attacks as it pursues you!
The jackal barely misses you. The goblin attacks as it pursues you!
The goblin hits you but does no damage. The giant cockroach bites you.
* * * LOW HITPOINT WARNING * * *
The jackal attacks as it pursues you! The jackal barely misses you.
The giant cockroach attacks as it pursues you!
The giant cockroach misses you.
The jackal bites you but does no damage.
The jackal attacks as it pursues you! The jackal barely misses you.
The jackal attacks as it pursues you! The jackal bites you.
* * * LOW HITPOINT WARNING * * *
You closely miss the jackal. The jackal barely misses you.
The jackal bites you.
* * * LOW HITPOINT WARNING * * *
You closely miss the jackal. The jackal barely misses you.
The jackal closely misses you.
You hit the jackal. Your punch misses the jackal.
The jackal is heavily wounded.
The jackal bites you.
* * * LOW HITPOINT WARNING * * *
The jackal closely misses you.
You barely miss the jackal.
The jackal is heavily wounded.
The jackal barely misses you.
You hit the jackal.
You kill the jackal!
You sock the rat!
You kill the rat!
You sock the giant cockroach!
You kill the giant cockroach!
Your Fighting skill increases to level 3!
You closely miss the goblin. Your headbutt misses the goblin.
The goblin hits you with a +0 club.
* * * LOW HITPOINT WARNING * * *
You closely miss the goblin. The goblin hits you with a +0 club.
* * * LOW HITPOINT WARNING * * *
The goblin hits you with a +0 club.
You die...

...####♣♣§⌠..8○.⌠.♣.#
.#. #.#####§♣♣⌠..☼⌠♣♣.#
. .. #....§☼§♣..⌠.⌠○. #
.. #.###.#####°§♣♣♣♣.♣♣§
..#.....######§♣ ♣.♣§# .
..............#♣ .. §
...##..#.#######.#
......†....#####.#######
#.......g@...#......#
........#..##..###.###.#
.####..##..#.##.#.## #.#
#....###.## ...
#.##.###.# #...
#.###....###.# .... .>#
##.#.....# .#..
.######.#.########
.........#.........


You could see a goblin.

Vanquished Creatures
  A giant cockroach (D:1)
  2 jackals (D:1)
  A kobold (D:1)
  2 rats (D:1)
6 creatures vanquished.

Notes
Turn   | Place    | Note
-------+----------+-------------------------------------------
     0 | D:1      | mungbean the Oni Gladiator began the quest for the Orb.
     0 | D:1      | Reached XP level 1. HP: 22/22 MP: 1/1
    75 | D:1      | Slain by a goblin

Illustrated notes

Levels and vault maps discovered:
D:1:      heliophobic_arrival_enchanted_forest, layout_loops_ring,
          eino_curves_04

Skill      XL: |  1 |
---------------+----+-----
Fighting       | 3 |  3.0
Maces & Flails | |  3.3
Throwing       | |  2.0
Dodging        | |  2.6

Action                     || total
---------------------------++-------
  Melee: Flail             ||    16
         Headbutt          ||     3
 Armour: Robe              ||    24
  Dodge: Dodged            ||    13

Table legend: (Time is in decaauts)
 A = Elapsed time spent in this place.
 B = Non-inter-level travel time spent in this place.
 C = Inter-level travel time spent in this place.
 D = Time resting spent in this place.
 E = Time spent auto-exploring this place.
 F = Levels seen in this place.
 G = Mean time per level.
                   A        B        C        D        E       F      G
               +--------+--------+--------+--------+--------+-----+--------+
         Total |     78 |     78 |      0 |      0 |     48 |   1 |   78.0 |
       Dungeon |     78 |     78 |      0 |      0 |     48 |   1 |   78.0 |
               +--------+--------+--------+--------+--------+-----+--------+

Top non-repeatable levels by time:
     D:1: 78 daAuts
